 Dungeon Crawl Stone Soup version 0.27.1-34-g3ba077fa99 (webtiles) character file.

Game seed: 15750345090200617143

2 cbfl8 the Digger (level 1, -2/16 HPs)
             Began as a Minotaur Wanderer on Jan 19, 2022.
             Slain by a kobold (5 damage)
             ... on level 1 of the Dungeon.
             The game lasted 00:00:39 (56 turns).

cbfl8 the Digger (Minotaur Wanderer)                  Turns: 56, Time: 00:00:39

Health: -2/16      AC:  2    Str: 15    XL:     1   Next: 33%
Magic:  1/1        EV: 12    Int: 10    God:
Gold:   6          SH:  0    Dex:  9    Spells: 2/2 levels left

rFire    . . .     SeeInvis .   a - +0 club
rCold    . . .     Faith    .   (no shield)
rNeg     . . .     Spirit   .   b - +0 robe
rPois    .         Reflect  .   (helmet restricted)
rElec    .         Harm     .   (no cloak)
rCorr    .         Rampage  .   (no gloves)
Will     .....                  (no boots)
Stlth    +.........             (no amulet)
HPRegen  0.05/turn              (no ring)
MPRegen  0.07/turn              (no ring)

@: no status effects
A: horns 2, retaliatory headbutt
a: no special abilities


You were on level 1 of the Dungeon.
You visited 1 branch of the dungeon, and saw 1 of its levels.

You collected 6 gold pieces.

Inventory:

Hand Weapons
 a - a +0 club (weapon)
Armour
 b - a +0 robe (worn)


   Skills:
 + Level 1.2 Fighting
 + Level 0.5 Maces & Flails
 + Level 2.0 Throwing
 + Level 2.1 Dodging
 + Level 1.4 Spellcasting
 + Level 2.4 Earth Magic


You had 2 spell levels left.
You didn't know any spells.
Your spell library contained the following spells:

 Spells                   Type           Power      Damage    Failure   Level
 Sandblast                Erth           10%        2d5       12%         1
 Magic Dart               Conj           0%         1d3       32%         1
 Blink                    Tloc           N/A        N/A       45%         2
 Call Imp                 Summ           0%         N/A       45%         2
 Poisonous Vapours        Pois/Air       0%         N/A       45%         2
 Slow                     Hex            0%         N/A       45%         2
 Static Discharge         Conj/Air       0%         N/A       45%         2
 Stone Arrow              Conj/Erth      6%         3d7       52%         3
 Conjure Flame            Conj/Fire      0%         6-21      69%         3
 Mephitic Cloud           Conj/Pois/Air  0%         N/A       69%         3


Dungeon Overview and Level Annotations

Branches:
Dungeon (1/15)

Altars:


Innate Abilities, Weirdness & Mutations

You have a pair of horns on your head.
You reflexively headbutt those who attack you in melee.


Message History

You start resting.
There are monsters nearby!
The goblin misses you.
There is an open door here.
You hit the goblin but do no damage. Your headbutt misses the goblin.
The goblin hits you with a +0 club.
Unknown command.
You hit the goblin.
The goblin is moderately wounded.
The goblin hits you with a +0 club. The goblin misses you.
Unknown command.
You closely miss the goblin.
The goblin is moderately wounded.
The goblin hits you with a +0 club.
* * * LOW HITPOINT WARNING * * *
Unknown command.
You hit the goblin.
The goblin is heavily wounded.
The goblin hits you but does no damage.
Unknown command.
The goblin throws a stone.
The stone hits you.
* * * LOW HITPOINT WARNING * * *
Okay, then.
You don't know any spells.
Memorise Magic Dart, consuming 1 spell level and leaving 1?
The goblin throws a stone.
Your memorisation is interrupted.
The stone hits you.
* * * LOW HITPOINT WARNING * * *
You don't know any spells.
You don't know any spells.
The goblin hits you but does no damage.
There is an open door here.
You hit the goblin.
You kill the goblin!
The kobold barely misses you.
You completely miss the kobold. The kobold barely misses you.
You hit the kobold.
The kobold is moderately wounded.
The kobold hits you with a +0 short sword.
You die...

#########
#x#g#H#9#####
###########^#^#
##+##N#.......#####
###...###.#####......
#^#.>.....#R#^#####..
###...#########H#^###
##@##O#^# #####x#
#K###### ### #w# #†#
#..w..... ###......
...... ..... .....


You could see an octopode, a naga, a dart slug and a kobold.

Vanquished Creatures
  A ball python (D:1)
  A goblin (D:1)
2 creatures vanquished.

Notes
Turn   | Place    | Note
-------+----------+-------------------------------------------
     0 | D:1      | cbfl8 the Minotaur Wanderer began the quest for the Orb.
     0 | D:1      | cbfl8 set off with the following items: a +0 club, a +0
                  | robe; and the following spells available to memorise:
                  | Sandblast, Magic Dart, Blink, Call Imp, Poisonous Vapours,
                  | Slow, Static Discharge, Stone Arrow, Conjure Flame,
                  | Mephitic Cloud
     0 | D:1      | Reached XP level 1. HP: 16/16 MP: 1/1
     0 | D:1      | Noticed an elf
     1 | D:1      | Noticed a human
     1 | D:1      | Noticed a gargoyle
     4 | D:1      | Noticed a palentonga
     6 | D:1      | Noticed a barachi
     7 | D:1      | Noticed a demonspawn
     8 | D:1      | Noticed an octopode
    13 | D:1      | Noticed a gargoyle
    13 | D:1      | Noticed a minotaur
    14 | D:1      | Noticed a minotaur
    16 | D:1      | Noticed a naga
    18 | D:1      | Noticed a dwarf
    18 | D:1      | Noticed a djinni
    20 | D:1      | Noticed an octopode
    20 | D:1      | Noticed an ogre
    56 | D:1      | Slain by a kobold

Illustrated notes

Levels and vault maps discovered:
D:1:      shiori_arrival_whats_in_store_for_you, layout_basic,
          shapermc_ecumenical_altar_venn

Action                   || total
-------------------------++-------
Melee: Club              ||    12
       Headbutt          ||     1
Armor: Robe              ||     4
Dodge: Dodged            ||    12
